 Dungeon Crawl Stone Soup version 0.28.0-53-g5a82cb258f (webtiles) character file.

Game seed: 16433986227272758695

7 ILmort the Digger (level 2, 0/15 HPs)
             Began as a Gargoyle Earth Elementalist on Aug 13, 2022.
             Slain by an orc
             ... wielding a +0 dagger
              (1 damage)
             ... on level 1 of the Dungeon.
             The game lasted 00:02:33 (275 turns).

ILmort the Digger (Gargoyle Earth Elementalist)      Turns: 275, Time: 00:02:33

Health: 0/15       AC:  4    Str: 11    XL:     2   Next: 4%
Magic:  2/5        EV: 11    Int: 15    God:
Gold:   0          SH:  0    Dex: 10    Spells: 4/5 levels left

rFire   . . .      SeeInvis .   e - +0 mace
rCold   . . .      Faith    .   (no shield)
rNeg    + . .      Spirit   .   b - +0 robe
rPois   ∞          Reflect  .   (no helmet)
rElec   +          Harm     .   (no cloak)
rCorr   .          Rampage  .   (no gloves)
Will    .....                   (no boots)
Stlth   ++........              (no amulet)
HPRegen 0.05/turn               (no ring)
MPRegen 0.09/turn               (no ring)

@: no status effects
A: sickness immunity, AC +2, negative energy resistance 1, electricity
resistance, torment resistance 1, petrification resistance
a: no special abilities


You were on level 1 of the Dungeon.
You visited 1 branch of the dungeon, and saw 2 of its levels.

Inventory:

Hand Weapons
 e - a +0 mace (weapon)
Missiles
 c - 25 stones
Armour
 b - a +0 robe (worn)
Scrolls
 a - a scroll of vulnerability {unknown}
 d - a scroll of identify {unknown}


   Skills:
 - Level 1.5 Dodging
 - Level 2.1 Stealth
 * Level 2.4 Spellcasting
 - Level 0.7 Transmutations
 + Level 3.9 Earth Magic


You had 4 spell levels left.
You knew the following spells:

 Your Spells              Type           Power      Damage    Failure   Level
a - Sandblast             Erth           26%        2d8       4%          1

Your spell library contained the following spells:

 Spells                   Type           Power      Damage    Failure   Level
 Passwall                 Tmut/Erth      6%         N/A       13%         2
 Stone Arrow              Conj/Erth      14%        3d7       28%         3
 Petrify                  Tmut/Erth      8%         N/A       63%         4


Dungeon Overview and Level Annotations

Branches:
Dungeon (2/15)

Altars:


Innate Abilities, Weirdness & Mutations

You are immune to sickness and miasma.
Your stone body is resilient. (AC +2)
You are immune to poison.
You resist negative energy. (rN+)
You are resistant to electric shocks. (rElec)
You are resistant to unholy torment.
You are immune to petrification.


Message History

Found an escape hatch in the floor.
Found a stone staircase leading up.
An orc and a ball python come into view.
The orc is wielding a +0 dagger and wearing a +2 leather armour of cold resistance.
The ball python hisses angrily.
The orc shouts!
You hear a shout! x2
You hear a bark! x2
You hit the ball python.
You kill the ball python! 2 orcs and 2 jackals come into view.
The orc shouts!
The jackal barks!
The orc closely misses you.
You see here a ball python corpse.
A jackal comes into view. x2
The orc hits you with a +0 dagger.
There is a stone staircase leading up here.
The orc hits you with a +0 dagger.
You climb upwards.
Found a short sword.
There is a stone staircase leading down here.
The helpless goblin fails to defend itself.
You hit the goblin. The orc closely misses you. The goblin misses you.
You barely miss the goblin. The orc completely misses you.
The goblin closely misses you. The orc closely misses you.
You hit the goblin but do no damage. The goblin hits you but does no damage.
The orc misses you. The goblin hits you with a +0 dagger.
You barely miss the goblin. The orc closely misses you.
The goblin barely misses you.
You closely miss the goblin. The orc barely misses you.
The goblin hits you but does no damage. The orc hits you with a +0 dagger.
The goblin hits you but does no damage.
You hit the orc. The orc misses you. The goblin closely misses you.
You hit the orc. The orc hits you with a +0 dagger.
The goblin hits you but does no damage. The orc hits you with a +0 dagger.
You barely miss the orc. The goblin hits you with a +0 dagger.
* * * LOW HITPOINT WARNING * * *
The orc hits you but does no damage. The goblin barely misses you.
You barely miss the orc. The orc hits you but does no damage.
The goblin hits you with a +0 dagger.
* * * LOW HITPOINT WARNING * * *
You closely miss the orc. The orc hits you with a +0 dagger.
You die...

)#.#.####
......g@#
##.#.##o#
... ##.##
#.# #.#
#.# #.#


You could see an orc and a goblin.

Vanquished Creatures
  4 endoplasms (D:1)
  A ball python (D:2)
  A kobold (D:1)
  A rat (D:1)
7 creatures vanquished.

Notes
Turn   | Place    | Note
-------+----------+-------------------------------------------
     0 | D:1      | ILmort the Gargoyle Earth Elementalist began the quest for
                  | the Orb.
     0 | D:1      | Reached XP level 1. HP: 10/10 MP: 3/3
    54 | D:1      | Found a faded altar of an unknown god.
   259 | D:1      | Reached XP level 2. HP: 15/15 MP: 0/5
   259 | D:1      | You fall into a shaft and drop 1 floor!
   275 | D:1      | Slain by an orc

Illustrated notes

Levels and vault maps discovered:
D:1:      dpeg_arrival_more_subterranean_lakeside_camping, layout_basic,
          ebering_ecumenical_altar_mist, minmay_cupped
D:2:      layout_basic, uniq_robin

Action                   || total
-------------------------++-------
Melee: Mace              ||    11
 Cast: Sandblast         ||     8
 Stab: Sleeping          ||     1
Armor: Robe              ||     6
Dodge: Dodged            ||    13
